 Dungeon Crawl Stone Soup version 0.21.1-1-g345015f (webtiles) character file.

47 lotte the Magician (level 3, 0/21 HPs)
             Began as an Octopode Wizard on June 29, 2018.
             Slain by a gnoll
             ... wielding a +0 halberd
              (15 damage)
             ... on level 2 of the Dungeon.
             The game lasted 00:16:19 (2715 turns).

lotte the Magician (Octopode Wizard)                Turns: 2715, Time: 00:16:20

Health: 0/21       AC:  1    Str:  6    XL:     3   Next: 70%
Magic:  1/8        EV: 13    Int: 21    God:
Gold:   60         SH:  0    Dex: 10    Spells: 6/9 levels left

rFire    . . .     SeeInvis .   g - +0 short sword
rCold    . . .     Gourm    .   (no shield)
rNeg     . . .     Faith    +   a - +0 hat
rPois    .         Spirit   .   k - amulet of faith
rElec    .         Reflect  .   (no ring)
rCorr    .         Harm     .   (no ring)
MR       .....                  (no ring)
Stlth    +++.......             (no ring)
HPRegen  0.07/turn              (no ring)
MPRegen  0.11/turn              (no ring)
                                (no ring)
                                (no ring)

@: very slightly contaminated
A: almost no armour, stealthy swim, amphibious, 8 rings, constrict 8, camouflage
1, gelatinous body 1
a: no special abilities


You were on level 2 of the Dungeon.
You were not hungry.

You visited 1 branch of the dungeon, and saw 2 of its levels.

You collected 60 gold pieces.

Inventory:

Hand Weapons
 d - a +0 club
 g - a +0 short sword (weapon)
Missiles
 f - 3 tomahawks of returning (quivered)
Armour
 a - a +0 hat (worn)
Jewellery
 k - an amulet of faith (around mantle)
Scrolls
 e - 3 scrolls of identify {unknown}
 j - 2 scrolls of enchant armour {unknown}
 l - a scroll of blinking {unknown}
 m - a scroll of remove curse {unknown}
 n - 2 scrolls of fear {unknown}
Potions
 h - a potion of might {unknown}
 i - a potion of invisibility {unknown}
 o - a potion of magic {unknown}
 p - a potion of haste {unknown}
Books
 b - a book of Minor Magic

   Spells                             Type                      Level
   a - Magic Dart                     Conjuration                  1
   b - Blink                          Translocation                2
   c - Call Imp                       Summoning                    2
   d - Slow                           Hexes                        2
   e - Conjure Flame                  Conjuration/Fire             3
   f - Mephitic Cloud                 Conjuration/Poison/Air       3
Comestibles
 c - 3 rations
 q - a chunk of flesh


   Skills:
 + Level 0.2 Fighting
 + Level 0.1 Maces & Flails
 + Level 0.2 Throwing
 + Level 2.5 Dodging
 + Level 3.0 Stealth
 + Level 3.6 Spellcasting
 + Level 1.4 Conjurations
 + Level 1.2 Summonings
   Level 1.0 Translocations


You had 6 spell levels left.
You knew the following spells:

 Your Spells              Type           Power        Failure   Level  Hunger
a - Magic Dart            Conj           #...         7%          1    None
b - Call Imp              Summ           #.......     12%         2    ##.....


Dungeon Overview and Level Annotations

Branches:
Dungeon (2/15)

Altars:


Innate Abilities, Weirdness & Mutations

You cannot wear most types of armour.
You are very stealthy in the water. (Stealth+)
You are amphibious.
You can wear up to eight rings at the same time.
You can use your tentacles to constrict eight enemies at once.
Your skin changes colour to match your surroundings (Stealth+).
Your rubbery body absorbs attacks. (AC +1, EV +1)


Message History

Your crimson imp disappears in a puff of smoke!
There is an open door here.
Casting: Magic Dart
Confirm with . or Enter, or press ? or * to list all spells.
Aiming: Magic Dart
Press: ? - help, Shift-Dir - straight line, f/p - gnoll
Aim: a gnoll (lightly wounded)
You miscast Magic Dart.
You are very lightly contaminated with residual magic.
Strange energies run through your body.
You hit the gnoll. You grab the gnoll.
The gnoll is moderately wounded.
You constrict the gnoll, but do no damage.
The gnoll barely misses you.
You hit the gnoll.
You kill the gnoll!
The gnoll hits you from afar with a halberd.
The gnoll hits you with a halberd!
Ouch! That really hurt!
You die...

......#.##P≈PPPP≈P# #g#.########
######..P.PP≈♣≈≈PP# #.#.#
######P.PP♣≈≈≈P.≈### #.#.#
.....PP≈≈♣≈≈P.)P...# #g#.#
..P.P≈≈≈♣PPPP##....# #§#.#
..≈P≈♣≈≈♣P≈........###.#.#
...≈≈≈♣♣PP.P.......'.....#
..PP≈≈≈≈♣PP≈.##.†gg###.###
....P≈♣≈≈≈PPP##.@..###'###
...≈≈PP≈≈≈♣≈PP.P≈........########
####.PPP≈♣♣≈♣≈≈≈≈P...............
.......≈≈.PP≈P♣≈≈P...............
#######..PP≈PPP≈.................
#.#....##..................
#.#....#####...............
#.#....# ##..............
#.#....# #..............


You could see 2 gnolls.

Vanquished Creatures
  A gnoll (D:2)
  A dart slug (D:1)
  2 leopard geckos
  3 giant cockroaches
  6 hobgoblins
  3 bats
  3 frilled lizards
  3 goblins
  A kobold (D:1)
  3 rats
26 creatures vanquished.

Vanquished Creatures (collateral kills)
  An adder (D:2)
  A giant cockroach (D:1)
  A hobgoblin (D:1)
  A bat (D:1)
  A kobold (D:1)
5 creatures vanquished.

Grand Total: 31 creatures vanquished

Notes
Turn   | Place    | Note
-------+----------+-------------------------------------------
     0 | D:1      | lotte the Octopode Wizard began the quest for the Orb.
     0 | D:1      | Reached XP level 1. HP: 11/11 MP: 4/4
   549 | D:1      | Reached XP level 2. HP: 17/17 MP: 3/6
  1010 | D:1      | Learned a level 2 spell: Call Imp
  1648 | D:1      | Reached XP level 3. HP: 21/21 MP: 6/8
  2715 | D:2      | Slain by a gnoll

Skill      XL: |  1  2  3 |
---------------+----------+-----
Stealth        | 3 |  3.0
Fighting       | |  0.2
Maces & Flails | |  0.1
Throwing       | |  0.2
Dodging        | |  2.5
Spellcasting   | |  3.6
Conjurations   | |  1.4
Summonings     | |  1.2
Translocations | |  1.0

Action                   || total
-------------------------++-------
Melee: Club              ||    17
       Unarmed           ||     6
       Constrict         ||    10
       Tentacles         ||     6
       Short sword       ||    16
Throw: Tomahawk          ||     9
 Cast: Magic Dart        ||    35
       Call Imp          ||    18
 Stab: Sleeping          ||     1
  Eat: Chunk             ||     6
Armor: Skin              ||     6
Dodge: Dodged            ||    31
